 Dungeon Crawl Stone Soup version 0.30-a0-465-g8901f6c8b5 (webtiles) character file.

Game seed: 14850617104210226480

46729 Bnni the Reanimator (level 14, -18/105 HPs)
             Began as a Demonspawn Necromancer on Dec 18, 2022.
             Was an Elder of Uskayaw.
             Killed from afar by a merfolk aquamancer (44 damage)
             ... with a torrent of water
             ... on level 13 of the Dungeon.
             The game lasted 00:53:07 (15009 turns).

Bnni the Reanimator (Demonspawn Necromancer)       Turns: 15009, Time: 00:53:07

Health: -18/105    AC: 11    Str:  8    XL:     14   Next: 5%
Magic:  25/25      EV: 11    Int: 27    God:    Uskayaw [****..]
Gold:   1072       SH:  0    Dex: 15    Spells: 3/28 levels left

rFire   . . .      SeeInvis .    s - +2 dagger (vamp)
rCold   . . .      Faith    +    (no shield)
rNeg    . . .      Spirit   .    I - +0 troll leather armour
rPois   .          Reflect  .    U - +1 hat
rElec   .          Harm     .    (cloak unavailable)
rCorr   .          Rampage  .    (gloves unavailable)
Will    +....                    z - +1 pair of boots {Fly}
Stlth   +++++.....               X - amulet of faith
HPRegen 1.17/turn                q - +6 ring of intelligence
MPRegen 0.19/turn                a - +4 ring of protection

@: animating dead (expiring), flying, very slightly contaminated
A: antennae 2, icemail 1, condensation shield, demonic magic 2, weakness stinger
3, demonic touch 3
a: Renounce Religion, Stomp, Line Pass


You were on level 13 of the Dungeon.
You worshipped Uskayaw.
Uskayaw was noncommittal.
You visited 1 branch of the dungeon, and saw 14 of its levels.
You also visited: Bailey.

You collected 1259 gold pieces.
You spent 187 gold pieces at shops.

Inventory:

Hand Weapons
 s - a +2 vampiric dagger (weapon)
 G - a +0 dagger of protection
Missiles
 l - 32 poisoned darts
 D - a throwing net
 J - 5 curare-tipped darts
Armour
 e - a +1 cloak
 z - a +1 pair of boots of flying (worn)
 I - a +0 troll leather armour (worn)
 S - a +1 robe of cold resistance
 U - a +1 hat (worn)
Jewellery
 a - a +4 ring of protection (right hand)
 d - a ring of fire
 q - a +6 ring of intelligence (left hand)
 E - a +4 ring of protection
 X - an amulet of faith (around neck)
Wands
 f - a wand of flame (14)
 t - a wand of quicksilver (12)
 H - a wand of paralysis (10)
 Q - a wand of mindburst (8)
Scrolls
 c - 8 scrolls of noise {unknown}
 k - 2 scrolls of torment
 m - 4 scrolls of magic mapping
 n - 6 scrolls of blinking
 o - 3 scrolls of amnesia
 u - a scroll of silence
 v - 6 scrolls of poison
 w - 6 scrolls of enchant weapon
 x - a scroll of immolation
 y - 2 scrolls of brand weapon
 A - a scroll of vulnerability
 B - 9 scrolls of teleportation
 C - 2 scrolls of fog
 N - 5 scrolls of summoning
 O - 5 scrolls of enchant armour
Potions
 b - a potion of magic
 g - 3 potions of lignification
 h - 5 potions of curing
 i - 4 potions of mutation
 j - 4 potions of flight
 p - 2 potions of cancellation
 r - 4 potions of might
 F - 2 potions of attraction
 K - 2 potions of haste
 M - 4 potions of brilliance
 R - 2 potions of resistance
 T - 4 potions of ambrosia
 W - a potion of invisibility


   Skills:
 + Level 8.0 Fighting
 - Level 10.0 Short Blades
 - Level 1.7 Dodging
 * Level 12.7 Stealth
 - Level 3.6 Shields
 + Level 7.7 Spellcasting
 - Level 5.0 Hexes
 * Level 13.1 Necromancy
 + Level 5.2 Ice Magic
 + Level 5.8 Invocations


You had 3 spell levels left.
You knew the following spells:

 Your Spells              Type           Power      Damage    Failure   Level
a - Necrotise             Necr           100%       1d9       1%          1
b - Ensorcelled Hibernat  Hex/Ice        76%        N/A       1%          2
c - Vampiric Draining     Necr           69%        2d10      1%          3
d - Animate Dead          Necr           69%        N/A       1%          4
e - Agony                 Necr           69%        N/A       1%          5
f - Simulacrum            Ice/Necr       28%        N/A       28%         6
h - Anguish               Hex/Necr       28%        N/A       1%          4

Your spell library contained the following spells:

 Spells                   Type           Power      Damage    Failure   Level
 Sublimation of Blood     Necr           69%        N/A       1%          2
 Frozen Ramparts          Ice            76%        1d12      2%          3
 Tukima's Dance           Hex            37%        N/A       3%          3
 Foxfire                  Conj/Fire      40%        2x1d6     8%          1
 Sting                    Tmut/Pois      40%        1d5       8%          1
 Summon Small Mammal      Summ           40%        N/A       8%          1
 Hailstorm                Conj/Ice       24%        3d7       9%          3
 Portal Projectile        Hex/Tloc       46%        N/A       9%          3
 Summon Guardian Golem    Hex/Summ       23%        N/A       9%          3
 Poisonous Vapours        Pois/Air       20%        N/A       12%         2
 Call Canine Familiar     Summ           10%        N/A       24%         3
 Gell's Gravitas          Tloc           10%        N/A       24%         3
 Ignite Poison            Fire/Tmut/Pois 10%        N/A       24%         3
 Kindle Blastsparks       Fire/Tloc/Air  20%        2d11      24%         3
 Lesser Beckoning         Tloc           20%        N/A       24%         3
 Spider Form              Tmut/Pois      10%        N/A       24%         3
 Teleport Other           Tloc           10%        N/A       24%         3
 Ice Form                 Ice/Tmut       24%        N/A       26%         4
 Summon Ice Beast         Ice/Summ       24%        N/A       26%         4
 Fulminant Prism          Conj/Hex       11%        3d8       28%         4
 Animate Armour           Summ/Erth      20%        N/A       61%         4
 Iskenderun's Mystic Bla  Conj/Tloc      10%        2d4       61%         4
 Olgreb's Toxic Radiance  Pois           10%        N/A       61%         4
 Petrify                  Tmut/Erth      10%        N/A       61%         4
 Summon Lightning Spire   Summ/Air       10%        N/A       61%         4
 Blade Hands              Tmut           5%         N/A       91%         5
 Fireball                 Conj/Fire      5%         3d5       91%         5
 Irradiate                Conj/Tmut      5%         3d13      91%         5
 Lee's Rapid Deconstruct  Erth           5%         3d6*      91%         5
 Haunt                    Necr/Summ      23%        N/A       99%         7
 Conjure Ball Lightning   Conj/Air       5%         3x3d6     100%        6
 Starburst                Conj/Fire      5%         6d4       100%        6
 Ozocubu's Refrigeration  Ice            19%        4d11      100%        7
 Discord                  Hex            18%        N/A       100%        8
 Disjunction              Tloc           5%         N/A       100%        8
 Ignition                 Fire           5%         3d4       100%        8


Dungeon Overview and Level Annotations

Branches:
Dungeon (14/15)            Temple (0/1) D:4            Lair (0/5) D:10
    Orc (0/2) D:9          Bailey (visited)
 Vaults: D:13-14

Altars:
Ashenzari
Cheibriados
Dithmenos
Fedhas
Gozag
Hepliaklqana
Qazlal
Ru
Trog
Uskayaw
Wu Jian
Xom

Shops:
D:4 [

Portals:
Abyss: D:8


Innate Abilities, Weirdness & Mutations

You have a pair of antennae on your head.
A meltable icy envelope protects you from harm. (AC +0)
A meltable shield of frost defends you. (SH +0)
Spells you cast may paralyse nearby enemies.
You have a sharp stinger which inflicts weakening toxins.
Your touch may irresistibly damage your foes and sap their willpower.


Message History

You feel sick.
The merfolk aquamancer hits you with a +4 rapier of venom!
* * * LOW HITPOINT WARNING * * *
You are more poisoned.
You feel better.
The merfolk aquamancer hits you with a +4 rapier of venom!
* * * LOW HITPOINT WARNING * * *
You are poisoned.
Okay, then.
Blink to where?
Press: ? - help, Dir - move target
As you read the scroll of blinking, it crumbles to dust.
You feel very sick.
You feel better.
Casting: Ensorcelled Hibernation (safe; 1% risk of failure)
Confirm with . or Enter, or press ? or * to list all spells.
Aiming: Ensorcelled Hibernation (safe; 1% risk of failure)
Press: ? - help, Shift-Dir - straight line, f - merfolk aquamancer
Aim: a merfolk aquamancer, wielding a +4 rapier of venom and wearing a +0 robe (heavily wounded, chance to affect: 16%)
You miscast Ensorcelled Hibernation.
You are very lightly contaminated with residual magic.
Nothing appears to happen.
You can no longer merge with and destroy a victim.
You feel much better.
Your reaping aura is weakening.
The merfolk aquamancer closely misses you.
You hit the merfolk aquamancer.
Your tail-slap misses the merfolk aquamancer.
The merfolk aquamancer is heavily wounded.
You hit the merfolk aquamancer. You tail-slap the merfolk aquamancer.
The merfolk aquamancer looks weaker.
The merfolk aquamancer is heavily wounded.
The merfolk aquamancer points at you and mumbles some strange words.
The torrent of water hits you!
* * * LOW HITPOINT WARNING * * *
The wave splashes down.
Magic courses through your body.
The merfolk aquamancer casts a spell at you.
The torrent of water hits you!!!
You die...

..#.###.#.#.####.#.......#.#
..#.....###..ZZ.)###.####..#
#.##Z#### ######## #.###..##
#.##.# #.#...## #.Z..#
#.#.### .##### #.#.# .#
##### ###...# .# ###
#...####...### .####.#
#....~@~.#.######### ....#.#
#....m####.#......<# ###.#.#
##....# #.#.#######
#.#.######....# #.#.#
#........##..## #...#
#...####.##.## #####
#........##.# #...####....#
#........####


You could see a merfolk aquamancer (weak).

Vanquished Creatures
  Jorgrun (D:14)
  Louise (D:14)
  Fannar (D:10)
  A catoblepas (D:13)
  2 merfolk aquamancers (D:14)
  The ghost of paps the Summoner, a journeyman OpSu of Gozag (D:10)
  3 centaur warriors
  4 two-headed ogres
  2 boulder beetles
  Sonja (D:10)
  The ghost of Heedrag the Destroyer, a novice DsCj of Gozag (D:8)
  8 ugly things
  3 orc knights (Bailey)
  5 cyclopes
  An oklob plant (D:10)
  2 deep elf pyromancers
  Joseph (D:10)
  A water nymph (D:14)
  3 gargoyles (D:13)
  6 orange demons (D:12)
  2 unseen horrors (D:12)
  A kobold demonologist (D:10)
  A tengu conjurer (D:14)
  A queen bee (D:10)
  3 trolls
  4 red devils (D:12)
  2 hornets
  Grinder (D:3)
  11 slime creatures
  9 yaks
  2 shadows
  A wyvern (D:8)
  A small abomination (D:8)
  8 vampire mosquitoes (D:13)
  2 steam dragons
  7 wraiths
  Menkaure (D:5)
  A water moccasin (D:7)
  11 orc warriors
  3 ice beasts
  A black bear (D:5)
  4 ogres
  10 centaurs
  A phantom (D:7)
  3 kobold brigands
  2 gnoll sergeants
  3 bullfrogs
  2 necrophages
  3 scorpions
  4 wights (D:7)
  22 killer bees
  3 howler monkeys
  10 orc priests
  4 hounds
  A gnoll bouda (D:8)
  3 jellies
  Natasha (thrice) (D:2)
  Terence (D:2)
  3 orc wizards
  Robin (D:2)
  3 adders
  21 gnolls
  A shadow imp (D:6)
  2 white imps
  An ufetubus (D:6)
  2 worms
  A dart slug (D:4)
  41 orcs
  5 ball pythons
  8 bats
  6 endoplasms
  2 giant cockroaches
  29 hobgoblins
  4 jackals (D:2)
  17 kobolds
  4 quokkas
  4 frilled lizards
  42 goblins
  2 hobgoblin zombies (D:8)
  7 rats
406 creatures vanquished.

Vanquished Creatures (collateral kills)
  A cyclops (D:13)
  2 trolls
  2 slime creatures
  A steam dragon (D:8)
  An orc warrior (D:8)
  2 centaurs
  A kobold brigand (D:8)
  A bullfrog (D:9)
  8 killer bees
  An electric eel (D:8)
  6 howler monkeys
  A gnoll bouda (D:8)
  An orc wizard (D:14)
  A mummy (D:8)
  2 gnolls
  4 orcs
  7 hobgoblins
  6 kobolds
  2 hobgoblin zombies (D:8)
50 creatures vanquished.

Vanquished Creatures (others)
  Josephine (D:14)
  A two-headed ogre (D:14)
  An ugly thing (D:14)
  A gargoyle (D:11)
  Prince Ribbit (D:8)
  An orc warrior (Bailey)
  4 vampire mosquito zombies (D:13)
  A cyclops zombie (D:14)
  A wight (D:7)
  A yak zombie (D:8)
  3 killer bees
  5 centaur zombies (D:14)
  An orc wizard (D:8)
  5 killer bee zombies
  2 gnolls (D:8)
  4 orcs
  3 gnoll zombies (D:8)
  2 hobgoblin zombies (D:4)
  A kobold (D:8)
  A kobold zombie (D:8)
  19 orc zombies
  37 plants
96 creatures vanquished.

Grand Total: 552 creatures vanquished

Notes
Turn   | Place    | Note
-------+----------+-------------------------------------------
     0 | D:1      | Bnni the Demonspawn Necromancer began the quest for the
                  | Orb.
     0 | D:1      | Reached XP level 1. HP: 13/13 MP: 3/3
   191 | D:1      | Gained mutation: Spells you cast may paralyse adjacent
                  | enemies. [demonic ancestry]
   191 | D:1      | Reached XP level 2. HP: 12/20 MP: 1/5
   355 | D:1      | Reached skill level 1 in Fighting
   363 | D:1      | Reached skill level 5 in Necromancy
   411 | D:1      | Gained mutation: Spells you cast may paralyse nearby
                  | enemies. [demonic ancestry]
   411 | D:1      | Reached XP level 3. HP: 26/26 MP: 6/6
   761 | D:2      | Learned a level 3 spell: Vampiric Draining
   766 | D:2      | Noticed Terence
   780 | D:2      | Killed Terence
   919 | D:2      | Noticed Robin
   934 | D:2      | Discovered your monstrous ancestry.
   934 | D:2      | Gained mutation: Your touch may inflict minor irresistible
                  | damage on your foes. [demonic ancestry]
   934 | D:2      | Reached XP level 4. HP: 31/32 MP: 4/7
   977 | D:2      | Killed Robin
  1115 | D:2      | Found a faded altar of an unknown god.
  1127 | D:2      | Learned a level 4 spell: Animate Dead
  1211 | D:2      | Prayed at the altar of an unknown god.
  1211 | D:2      | Became a worshipper of Uskayaw the Reveller
  1211 | D:2      | Reached * piety under Uskayaw
  1261 | D:2      | Reached ** piety under Uskayaw
  1398 | D:2      | Noticed Natasha
  1402 | D:2      | Killed Natasha
  1489 | D:2      | Noticed Natasha
  1497 | D:2      | Killed Natasha
  1498 | D:2      | Reached skill level 1 in Short Blades
  1498 | D:2      | Reached XP level 5. HP: 26/38 MP: 7/9
  1576 | D:2      | Noticed Natasha
  1586 | D:2      | Killed Natasha
  1681 | D:3      | Reached skill level 1 in Invocations
  1685 | D:3      | Reached *** piety under Uskayaw
  2040 | D:3      | Gained mutation: Your touch may inflict irresistible damage
                  | on your foes. [demonic ancestry]
  2040 | D:3      | Reached XP level 6. HP: 21/44 MP: 6/10
  2294 | D:3      | Noticed Grinder
  2300 | D:3      | Paralysed by Grinder for 5 turns
  2314 | D:3      | Killed Grinder
  2315 | D:3      | Reached skill level 6 in Necromancy
  2734 | D:4      | Gained mutation: A meltable shield of frost defends you.
                  | (SH +0) [demonic ancestry]
  2734 | D:4      | Reached XP level 7. HP: 18/51 MP: 7/11
  3055 | D:4      | Found a staircase to the Ecumenical Temple.
  3103 | D:4      | Learned a level 4 spell: Anguish
  3173 | D:4      | Found Runueh's Antique Armour Shoppe.
  3176 | D:4      | Bought a pair of embroidered boots for 187 gold pieces
  3769 | D:4      | Reached skill level 1 in Hexes
  3801 | D:4      | Reached **** piety under Uskayaw
  4094 | D:5      | Entered Level 5 of the Dungeon
  4229 | D:5      | Found an opulent altar of Gozag.
  4333 | D:5      | Found a broken altar of Ashenzari.
  4552 | D:5      | Gained mutation: You have a small tail. [demonic ancestry]
  4552 | D:5      | Reached XP level 8. HP: 58/58 MP: 10/13
  4587 | D:5      | Reached skill level 7 in Necromancy
  4590 | D:5      | Noticed Menkaure
  4597 | D:5      | Killed Menkaure
  4891 | D:6      | Found a hazy altar of Hepliaklqana.
  5239 | D:6      | Reached skill level 5 in Stealth
  5270 | D:6      | Identified the +3 glaive of Watchfulness {vamp, Will+
                  | Dex+4}
  5857 | D:7      | Found a snail-covered altar of Cheibriados.
  5939 | D:7      | Gained mutation: You have a pair of small antennae on your
                  | head. [demonic ancestry]
  5939 | D:7      | Reached XP level 9. HP: 63/65 MP: 15/15
  5968 | D:7      | Reached skill level 8 in Necromancy
  5981 | D:7      | Reached ***** piety under Uskayaw
  6230 | D:7      | Noticed a troll
  6231 | D:7      | Noticed a cyan ugly thing
  6276 | D:7      | Found a bloodstained altar of Trog.
  6411 | D:8      | Noticed Prince Ribbit
  6627 | D:7      | Reached skill level 5 in Short Blades
  6849 | D:8      | Killed Prince Ribbit
  6850 | D:8      | Reached skill level 9 in Necromancy
  6906 | D:8      | Reached skill level 10 in Stealth
  6906 | D:8      | Gained mutation: Your touch may irresistibly damage your
                  | foes and sap their willpower. [demonic ancestry]
  6906 | D:8      | Reached XP level 10. HP: 73/73 MP: 17/17
  6914 | D:8      | Noticed a cyclops
  6927 | D:8      | Killed a cyclops
  6928 | D:8      | Reached skill level 5 in Spellcasting
  6928 | D:8      | Gained mutation: A meltable icy envelope protects you from
                  | harm. (AC +0) [demonic ancestry]
  6928 | D:8      | Reached XP level 11. HP: 78/78 MP: 18/18
  7052 | D:8      | Learned a level 5 spell: Agony
  7075 | D:8      | Found a transporter.
  7335 | D:8      | Found a transporter.
  7357 | D:8      | Learned a level 2 spell: Ensorcelled Hibernation
  7363 | D:8      | Got Sif Muna's Handbook of the Molten Congregation
  7582 | D:8      | Reached skill level 1 in Shields
  7664 | D:8      | You are sucked into a shaft and drop 2 floors!
  7664 | D:10     | Entered Level 10 of the Dungeon
  7676 | D:10     | Noticed an oklob plant
  7772 | D:10     | Noticed Joseph
  7785 | D:10     | Killed Joseph
  7786 | D:10     | Reached skill level 5 in Fighting
  7883 | D:9      | Found a flagged portal.
  7932 | D:9      | Reached skill level 1 in Ice Magic
  7956 | Bailey   | Entered a bailey
  8052 | Bailey   | Noticed an orc knight
  8059 | Bailey   | Killed an orc knight
  8185 | Bailey   | Noticed an orc knight
  8190 | Bailey   | Noticed an orc knight
  8199 | Bailey   | Killed an orc knight
  8201 | Bailey   | Killed an orc knight
  8549 | D:8      | Noticed a purple ugly thing
  8566 | D:8      | Found a one-way gate to the infinite horrors of the Abyss.
  8566 | D:8      | Noticed Heedrag's ghost (novice DsCj)
  8842 | D:8      | Killed Heedrag's ghost
  8843 | D:8      | Reached skill level 5 in Hexes
  9187 | D:9      | Reached skill level 10 in Necromancy
  9327 | D:9      | Found a staircase to the Orcish Mines.
  9349 | D:9      | Found a shadowy altar of Dithmenos.
  9360 | D:9      | Noticed a two-headed ogre
  9366 | D:9      | Killed a two-headed ogre
  9367 | D:9      | Gained mutation: You have a tail ending in a sharp stinger.
                  | [demonic ancestry]
  9367 | D:9      | Reached XP level 12. HP: 81/87 MP: 14/20
  9476 | D:9      | Found a shimmering altar of Xom.
  9555 | D:9      | Noticed a two-headed ogre
  9574 | D:9      | Killed a two-headed ogre
  9715 | D:9      | Found a stormy altar of Qazlal.
  9719 | D:9      | Found a sacrificial altar of Ru.
  9724 | D:9      | Found a blossoming altar of Fedhas.
  9909 | D:10     | Noticed paps's ghost (journeyman OpSu)
  9912 | D:10     | Found a transporter.
  9917 | D:10     | Found a transporter.
 10048 | D:10     | Found a staircase to the Lair.
 10210 | D:10     | Noticed a two-headed ogre
 10218 | D:10     | Killed a two-headed ogre
 10274 | D:10     | Noticed Sonja
 10277 | D:10     | Killed Sonja
 10333 | D:10     | Noticed Fannar
 10340 | D:10     | Killed Fannar
 10632 | D:10     | Found an ornate altar of the Wu Jian Council.
 10855 | D:10     | Killed paps's ghost
 10950 | D:11     | Noticed a centaur warrior
 10953 | D:11     | Killed a centaur warrior
 11135 | D:11     | Reached skill level 11 in Necromancy
 12686 | D:12     | Noticed a boulder beetle
 12691 | D:12     | Killed a boulder beetle
 12961 | D:12     | Gained mutation: You have a pair of antennae on your head.
                  | [demonic ancestry]
 12961 | D:12     | Reached XP level 13. HP: 88/95 MP: 20/22
 13156 | D:13     | Reached skill level 10 in Short Blades
 13338 | D:13     | Reached ****** piety under Uskayaw
 13461 | D:13     | Reached skill level 12 in Necromancy
 14285 | D:14     | Noticed Louise
 14293 | D:14     | Killed Louise
 14316 | D:14     | Reached skill level 5 in Ice Magic
 14468 | D:14     | Reached skill level 5 in Invocations
 14693 | D:14     | Learned a level 6 spell: Simulacrum
 14774 | D:14     | Noticed Josephine
 14786 | D:14     | Reached skill level 13 in Necromancy
 14792 | D:14     | Killed Josephine
 14794 | D:14     | Noticed Jorgrun
 14797 | D:14     | Gained mutation: You have a sharp stinger which inflicts
                  | weakening toxins. [demonic ancestry]
 14797 | D:14     | Reached XP level 14. HP: 39/104 MP: 3/25
 14980 | D:14     | Killed Jorgrun
 15009 | D:13     | Killed from afar by a merfolk aquamancer

Illustrated notes

Levels and vault maps discovered:
D:1:      minmay_arrival_shattered_statue, layout_basic, grunt_decor_resistance,
          minivault_24
D:2:      layout_loops_ring, chequers_ecumenical_altar_simple, uniq_natasha,
          uniq_terence, uniq_robin
D:3:      layout_loops_ring, guppyfry_early_orc_mine, uniq_grinder
D:4:      minmay_goblin_kobold_castle, layout_cave_pools,
          minmay_temple_entry_waves, serial_column_ruins,
          column_ruins_square_medium, column_ruins_square_large,
          column_ruins_open_medium, column_ruins_open_tiny,
          column_ruins_open_tiny, serial_shops, kennysheep_mini_moat
D:5:      layout_loops_ring, lemuel_coloured_pillars_altar,
          general_overflow_altar, minmay_fountain_box, uniq_menkaure
D:6:      layout_loops_ring, nicolae_hepliaklqana_hazy_memory
D:7:      layout_cave_pools, mainiacjoe_overflow_concentric_impassable,
          grunt_temple_overflow_open, lightli_corner_chamber
D:8:      kennysheep_housing_project, layout_basic,
          gammafunk_ghost_abyssal_escape, wad_floor_pattern_2,
          minmay_mini_ossuary, uniq_prince_ribbit1
D:9:      layout_roguey, tgw_xom, grunt_dithmenos_smoke, minitemple,
          enter_bailey_2, minmay_quadrilaterals
D:10:     layout_stronghold, pdpol_wu_jian_five_deadly_venoms,
          dpeg_oklobed_lair, gammafunk_ghost_hive, serial_glass,
          glass_columns_b, glass_columns_b, uniq_sonja, uniq_joseph, uniq_fannar
D:11:     layout_stronghold, lightli_minifort
D:12:     layout_layer_cave, corexii_corridor_pit, minmay_beelzebubs_servants
D:13:     layout_basic
D:14:     layout_basic, grunt_vaults_entry_tiered, hex_medium, st_stairs_7,
          kennysheep_doodads, abandoned_shop, drop_trap, corner_web_ring,
          nicolae_splish_splash, uniq_jorgrun, uniq_josephine, uniq_frances,
          uniq_louise, uniq_lodul

Skill      XL: |  1  2  3  4  5  6  7  8  9 10 11 12 13 14 |
---------------+-------------------------------------------+-----
Fighting       | 1 2 3 4 5 6 7 8 |  8.0
Necromancy     | 5 6 7 9 10 11 13 | 13.1
Stealth        | 2 3 4 5 10 11 12 | 12.7
Short Blades   | 1 2 4 7 8 9 10 | 10.0
Invocations    | 1 2 5 |  5.8
Spellcasting   | 3 4 5 6 7 |  7.7
Hexes          | 2 3 4 5 |  5.0
Shields        | 3 |  3.6
Ice Magic      | 2 3 5 |  5.2
Dodging        | |  1.7

Action                   |  1- 3 |  4- 6 |  7- 9 | 10-12 | 13-15 || total
-------------------------+-------+-------+-------+-------+-------++-------
Melee: Unarmed           |    11 |       |       |       |       ||    11
       Short sword       |    63 |       |       |       |       ||    63
       Dagger            |    15 |   168 |   316 |   458 |   223 ||  1180
       Touch             |       |    28 |    59 |    31 |    52 ||   170
       Punch             |       |     1 |     1 |     3 |     4 ||     9
       Tailslap          |       |       |    18 |    64 |    45 ||   127
 Cast: Necrotise         |     9 |     1 |       |     2 |       ||    12
       Vampiric Draining |     1 |    10 |    16 |    19 |     1 ||    47
       Animate Dead      |       |     3 |     9 |    14 |    12 ||    38
       Anguish           |       |       |     8 |    31 |     7 ||    46
       Agony             |       |       |       |    18 |    22 ||    40
       Ensorcelled Hiber |       |       |       |    12 |     4 ||    16
  Use: Scroll            |       |       |    12 |     9 |     5 ||    26
       Potion            |       |       |     1 |     3 |     6 ||    10
 Stab: Sleeping          |     4 |     6 |    10 |    20 |     6 ||    46
       Paralysed         |     3 |    14 |    41 |    88 |    31 ||   177
       Distracted        |       |       |     1 |     5 |     3 ||     9
Armor: Robe              |    37 |    67 |   134 |    70 |       ||   308
       Troll leather arm |       |       |       |    69 |    87 ||   156
Dodge: Dodged            |    63 |    79 |   234 |   194 |    84 ||   654
Block: Other             |       |       |    74 |    33 |    18 ||   125
       Buckler           |       |       |       |    84 |       ||    84

Table legend: (Time is in decaauts)
 A = Elapsed time spent in this place.
 B = Non-inter-level travel time spent in this place.
 C = Inter-level travel time spent in this place.
 D = Time resting spent in this place.
 E = Time spent auto-exploring this place.
 F = Levels seen in this place.
 G = Mean time per level.
                   A        B        C        D        E       F      G
               +--------+--------+--------+--------+--------+-----+--------+
         Total |  14671 |  14138 |    533 |   1816 |   8980 |  15 |  978.1 |
       Dungeon |  14342 |  13809 |    533 |   1643 |   8980 |  14 | 1024.4 |
        Bailey |    329 |    329 |      0 |    173 |      0 |   1 |  329.0 |
               +--------+--------+--------+--------+--------+-----+--------+

Top non-repeatable levels by time:
     D:4: 1455 daAuts
     D:8: 1421 daAuts
     D:7: 1234 daAuts
    D:10: 1188 daAuts
    D:12: 1183 daAuts
    D:13: 1107 daAuts
     D:3: 995 daAuts
    D:11: 922 daAuts
     D:2: 915 daAuts
     D:9: 875 daAuts
     D:6: 845 daAuts
     D:5: 783 daAuts
     D:1: 710 daAuts
    D:14: 704 daAuts
  Bailey: 329 daAuts
